[Event "Turkish Youth Championships 2023"]
[Site "Samsun"]
[Date "2023.05.20"]
[Round "2.6"]
[White "Hasirci, Ali Eren"]
[Black "Isilak, Enes"]
[Result "0-1"]
[WhiteElo "1284"]
[BlackElo "2181"]
[Annotator "TA"]
[PlyCount "60"]
[EventDate "2023.05.19"]
[EventType "swiss"]
[EventCountry "TUR"]
[TimeControl "5400+30"]

1. d4 Nf6 2. e3 d5 3. Bd3 c5 4. c3 e6 5. f4 Bd6 6. Nf3 {[%emt 0:00:00] D00: 1 d4 d5: Unusual lines.} O-O 7. O-O b6 8. Nbd2 {[%emt 0:01:30] The position is equal.} cxd4 9. cxd4 Ba6 10. Qe2 Bxd3 11. Qxd3 Nc6 12. a3 {[%emt 0:01:30] [#]} Ne7 $146 ({Predecessor:} 12... Rc8 13. b3 Qe7 14. Bb2 Rfd8 15. Ne5 Bxe5 16. fxe5 Ne8 17. Rad1 f5 18. exf6 Nxf6 {1-0 Ozenir,E (1921)-Suleymanli,A (1810) EU-ch U10 24th 2014 (6)}) 13. Ne5 Qc8 14. e4 Qb7 (14... dxe4 {keeps more tension.} 15. Nxe4 Nxe4 16. Qxe4 Rd8) 15. exd5 (15. Nxf7 $1 $15 Rxf7 16. e5) 15... Qxd5 $17 ({But not} 15... Nfxd5 $6 16. Ne4 Rad8 17. Bd2 $11 (17. Ng5 Nf6 $15)) (15... Nexd5 $6 16. Ndc4 Bc7 17. Bd2 $11) 16. Ndf3 Rac8 17. Bd2 Nf5 18. Be1 ({White should play} 18. Rae1) 18... Qe4 ({Black should try} 18... Nh5 {White must now prevent ...f6.} 19. g3 f6) 19. Qxe4 Nxe4 20. Bf2 {[%emt 0:01:30] Against Ne3} Rc2 {[%emt 0:01:00] Black is much more active.} 21. Nd3 Rfc8 22. g3 f6 23. Rac1 $2 {[%emt 0:03:30] This costs White the game.} (23. Rab1 $17) 23... Nxf2 $19 24. Rxc2 Nh3+ {[%emt 0:00:00][%mdl 64] [#] Zwischenzug} ({Worse is} 24... Rxc2 25. Rxf2 Rc4 26. Rd2 $17) 25. Kg2 Nxf4+ ({And not} 25... Rxc2+ 26. Kxh3 h6 27. Rf2 $17) 26. Nxf4 (26. gxf4 {was called for.} Rxc2+ 27. Rf2) 26... Rxc2+ 27. Kh3 (27. Kg1 $142 Bxf4 28. gxf4) 27... g5 28. Ne1 Rd2 29. Nfg2 h5 30. g4 {[%emt 0:00:30] [#]} Ne3 $1 {[%emt 0:01:30][%mdl 576] Double Attack.   Weighted Error Value: White=0.85/Black=0.07 (flawless)} 0-1

[Event "Turkish Youth Championships 2023"]
[Site "Samsun"]
[Date "2023.05.20"]
[Round "2.9"]
[White "Temizer, Umut"]
[Black "Gunasti, Latife Yade"]
[Result "1-0"]
[WhiteElo "1973"]
[BlackElo "1456"]
[Annotator "TA"]
[PlyCount "89"]
[EventDate "2023.05.19"]
[EventType "swiss"]
[EventCountry "TUR"]
[TimeControl "5400+30"]

1. e4 g6 2. d4 Bg7 3. c4 d6 4. Nc3 Nc6 5. Be3 e5 6. Nge2 Nge7 7. d5 {[%emt 0:02:30] A42: Modern Defence: Averbakh Variation.} Nb8 8. f3 f5 9. Qd2 {[%emt 0:02:00] White is better.} O-O 10. Nc1 Nd7 11. Nd3 Nf6 12. Be2 Bd7 {[%emt 0:02:30] [#]} 13. O-O-O $146 (13. c5 $16) ({Predecessor:} 13. O-O f4 14. Bf2 g5 15. c5 Ng6 16. a4 g4 17. cxd6 cxd6 18. Nb5 g3 19. hxg3 fxg3 20. Bxg3 {0-1 Barsamian,E (2239)-Pranizin,G (2182) Voronezh op-A 15th 2011 (6)}) 13... fxe4 14. fxe4 a6 15. h3 ({White should try} 15. c5 $16) 15... b5 (15... c5 $11) 16. c5 ({Better is} 16. cxb5 $1 $16 axb5 17. Nb4) 16... Qb8 (16... a5 $1 $11 {remains equal.} 17. Nf2 b4) 17. c6 $16 Bc8 {[%emt 0:01:30] [#]} (17... b4 $142 18. Nxb4 (18. cxd7 $2 bxc3 19. Qxc3 Nxe4 $19) 18... Qxb4) 18. Nf2 {[%emt 0:03:30] White is more active.} (18. b4 $1 $16) 18... b4 $14 19. Na4 $36 {[%emt 0:01:30][%mdl 2048] White has some pressure.} a5 {[%emt 0:09:30] [#]} ({Black should play} 19... Nh5 $14) 20. g4 $1 $16 Ba6 21. Bxa6 Rxa6 22. Qd3 (22. h4 $142) 22... Ra8 23. Rhf1 h5 (23... Nc8 $142) 24. g5 Nh7 25. h4 Qc8 26. b3 Kh8 27. Nb2 Kg8 28. Kc2 Kh8 29. Ra1 Kg8 30. Qe2 Qa6 $2 (30... Qe8 31. Bd2 Rf7) 31. Qxa6 $18 Rxa6 32. Nfd3 Nc8 33. Rxf8+ Nxf8 {[%emt 0:00:00] Black is weak on the light squares} 34. a3 bxa3 35. Rxa3 Nb6 36. Bxb6 cxb6 37. Nc4 {[%emt 0:00:00][%cal Oc6c7] Black must now prevent c7!} b5 38. c7 bxc4 39. c8=Q (39. c8=B $2 {is the wrong capture.} cxd3+ 40. Kxd3 Ra8 $19) 39... cxd3+ 40. Kxd3 Ra7 41. b4 {[%emt 0:00:30] White mates.} Rf7 42. Rxa5 Rf3+ 43. Kd2 Rf2+ 44. Ke3 Rb2 45. Ra7 {[%emt 0:00:30] Weighted Error Value: White=0.13 (very precise) /Black=0.53} 1-0

[Event "Turkish Youth Championships 2023"]
[Site "Samsun"]
[Date "2023.05.20"]
[Round "2.10"]
[White "Engin, Onur Cinar"]
[Black "Yilmaz, Oguz"]
[Result "1-0"]
[ECO "C54"]
[WhiteElo "1922"]
[BlackElo "1520"]
[Annotator "TA"]
[PlyCount "53"]
[EventDate "2023.05.19"]
[EventType "swiss"]
[EventCountry "TUR"]
[SourceTitle "playchess.com"]
[Source "ChessBase"]
[SourceQuality "1"]
[TimeControl "5400+30"]

1. e4 e5 2. Nf3 Nc6 3. Bc4 Bc5 4. c3 Nf6 5. d4 exd4 6. e5 d5 7. Bb5 Ne4 8. cxd4 Bb6 9. Nc3 O-O 10. Be3 {C54: Giuoco Piano: 4 c3 Nf6, main lines with 5 d4 and 5 d3.} Bg4 11. h3 Bh5 12. Qc2 {The position is equal.} Bg6 {White must now prevent ...Nxc3.} 13. Qb3 Nxc3 (13... Nxd4 {looks sharper.} 14. Bxd4 c5 15. Be3 c4) 14. bxc3 {[%emt 0:00:30] [#]} a6 $146 ({Predecessor:} 14... f6 15. exf6 Na5 16. Qd1 c6 17. Bd3 Qxf6 18. Ne5 Bxd3 19. Qxd3 Bc7 20. f4 Qh4+ {0-1 Kollars,D (2611)-Duda,J (2731) Speed Chess Q2 blitz 2022 (10)}) 15. Bxc6 bxc6 16. O-O Qd7 17. Nh4 Bd3 (17... Be4 $1 $11) 18. Rfd1 $14 Bc4 19. Qc2 Rab8 20. f4 Qe7 (20... f6 $14) 21. Nf5 $16 Qd7 22. Bf2 a5 {[%emt 0:03:00] [#]} (22... Rbe8 $16 {was called for.}) 23. Bh4 $1 $18 {[%emt 0:05:30][%cal Of5g7] And now Nxg7! would win.} c5 24. Nxg7 {[%emt 0:14:30][%mdl 64] Bf6 would be deadly. Decoy} Kxg7 (24... cxd4 25. Rd3 f5) 25. Bf6+ Kg8 {[%emt 0:00:12] [#]} 26. Rd3 $1 {[%emt 0:01:00][%mdl 512] Threatening mate with Rg3+.} Bxd3 (26... Qf5 27. Rg3+) 27. Qxd3 {[%emt 0:00:30] Weighted Error Value: White=0.06 (flawless) /Black=0.49} 1-0

[Event "Turkish Youth Championships 2023"]
[Site "Samsun"]
[Date "2023.05.20"]
[Round "2.10"]
[White "Firtina, Oguzhan"]
[Black "Demirbas, Emre"]
[Result "0-1"]
[WhiteElo "1358"]
[BlackElo "2013"]
[Annotator "TA"]
[PlyCount "114"]
[EventDate "2023.05.19"]
[EventType "swiss"]
[EventCountry "TUR"]
[TimeControl "5400+30"]

1. e4 c5 2. Nf3 e6 3. d4 cxd4 4. Nxd4 Nf6 5. Nc3 Nc6 6. Ndb5 d6 7. Bf4 e5 8. Bg5 a6 9. Na3 b5 10. Nd5 Be7 11. Bxf6 Bxf6 12. c3 Bg5 {[%emt 0:00:00] 12...Rb8 is the modern continuation.} 13. Nc2 {[%emt 0:00:00][%cal Oh2h4] Excellent horsemanship.} Be6 {[%emt 0:00:00] B33: Sicilian: Pelikan and Sveshnikov Variations.} 14. a4 bxa4 15. Rxa4 O-O {[%emt 0:06:30] White is slightly better.} 16. Nce3 (16. Bxa6 $16 Ne7 17. Nxe7+ Qxe7 18. Nb4) 16... Bxe3 17. Nxe3 {[%emt 0:00:30][%cal Of1c4] [#]} Qb6 $146 ({Predecessor:} 17... Ne7 18. Bc4 Qd7 19. O-O Rfd8 20. Nd5 Nxd5 21. exd5 Bg4 22. Qa1 Rac8 23. Bxa6 Rc5 {1-0 Strnad,J (1980)-Kotal,V (2070) Klatovy op-A 23rd 2017 (7)}) 18. b4 (18. Qxd6 Qxb2 19. Qd2 (19. Qxc6 $2 Rfc8 $19) 19... Qb1+ 20. Qd1 Qb2 $11) (18. Qd2 $5 ) 18... Ne7 19. Nd5 ({Better is} 19. Bd3 $11) 19... Bxd5 $15 20. exd5 a5 {[%emt 0:01:30] White must now prevent ...axb4.} 21. b5 Qc5 22. c4 e4 {[%emt 0:00:30] White is weak on the dark squares} (22... Nc8 $1 $17 {[%cal Rc8b6] And now ...Nb6 would win.} 23. Ra1 Nb6) 23. Be2 $11 Nc8 24. O-O Nb6 25. Ra1 a4 {[%emt 0:01:30] Black is more active.} (25... Nxc4 $2 26. Rc1 $18) 26. Qc2 f5 (26... e3 {looks sharper.} 27. Qf5 a3 28. Bd3 g6) 27. Rfc1 Rfc8 28. Qd2 a3 (28... Re8 $15 {is more appropriate.}) 29. Qe3 (29. g4 $11 {remains equal.}) 29... Ra4 30. Qxc5 Rxc5 31. g3 {[%emt 0:01:08] [#]} ({White should try} 31. f3 $15) 31... Rc8 $1 $17 (31... Nxc4 $6 32. Bxc4 Rcxc4 33. Rxc4 Rxc4 34. Rxa3 $11) (31... a2 $6 32. Rc2 $11) 32. Rc3 a2 (32... Nxc4 $6 33. Bxc4 Rcxc4 34. Rxc4 (34. Rcxa3 Rxa3 35. Rxa3 Rb4 $11) 34... Rxc4 35. Rxa3 $11) 33. Rc2 Rca8 (33... Nxc4 $6 34. Raxa2 Rxa2 35. Rxa2 $11) 34. c5 $2 {[%emt 0:00:44] This move loses the game for White.} (34. Kg2 $17) 34... dxc5 $19 ({Don't take} 34... Nxd5 35. Bc4 Rxc4 36. Rxc4 $18) 35. Rxc5 {[%emt 0:00:00] [#]} (35. g4 $142) 35... Rb4 $1 36. Rcc1 Kf8 ({Not} 36... Nxd5 37. Bc4 Rxc4 38. Rxc4 $16) 37. Rd1 Rb2 38. Kf1 (38. Bf1 $142) 38... Na4 {[%emt 0:00:30] Hoping for ...Nc3.} 39. Rdc1 {[%emt 0:00:25] [#]} Nc3 $1 {[%emt 0:02:30][%mdl 576] Deflection, Promotion} 40. Rxc3 (40. Bc4 Nxb5) 40... Rb1+ 41. Rc1 Rxc1+ 42. Rxc1 {[%emt 0:00:30] aiming for Ra1.} a1=Q (42... a1=B $2 43. b6 Be5 44. Rc6 $18) 43. Rxa1 Rxa1+ {[%emt 0:00:00][%mdl 4096] Endgame KR-KB} 44. Kg2 Ke7 45. f3 (45. h4 $142) 45... Kd6 46. g4 g6 47. fxe4 fxe4 48. h4 Kxd5 {[%emt 0:00:00] Threatens to win with ...Ra2.} 49. h5 g5 {[%emt 0:00:30] Black mates.} 50. Kf2 Ke5 51. Ke3 Ra3+ 52. Kd2 Kd4 53. Ke1 Ke3 54. Bd1 Ra1 55. b6 Rb1 56. b7 Rxb7 57. Bc2 Rb2 {[%emt 0:00:00] Weighted Error Value: White=0.74/Black=0.13 (very precise)} 0-1

[Event "Turkish Youth Championships 2023"]
[Site "Samsun"]
[Date "2023.05.20"]
[Round "2.11"]
[White "Cakmak, Kursat Kagan"]
[Black "Saka, Omer"]
[Result "0-1"]
[ECO "C02"]
[WhiteElo "1498"]
[BlackElo "1843"]
[Annotator "NA RC COMBH"]
[PlyCount "104"]
[EventDate "2023.05.19"]
[EventType "swiss"]
[EventCountry "TUR"]
[SourceTitle "playchess.com"]
[Source "ChessBase"]
[SourceQuality "1"]
[TimeControl "5400+30"]

1. e4 c5 2. c3 e6 3. d4 d5 4. e5 Nc6 5. Nf3 Qb6 6. Bd3 Nge7 7. O-O cxd4 8. Re1 Nf5 9. Bxf5 exf5 10. cxd4 Be6 11. Nc3 Be7 12. Qb3 Qxb3 13. axb3 h6 14. h4 Kd7 15. Bd2 Rhg8 16. h5 b6 17. Rec1 g5 18. hxg6 fxg6 19. Nb5 a6 20. Nd6 g5 21. Rc2 Bxd6 22. exd6 Kxd6 23. Rac1 Rac8 24. Kf1 f4 25. Ne5 Nxd4 26. Nf7+ Ke7 27. Rc7+ Rxc7 28. Rxc7+ Bd7 29. Ne5 Rd8 30. Bc3 Nb5 31. Rb7 Ke6 32. Rxb6+ Kf5 33. Nf7 Rc8 34. Rf6+ Ke4 35. Nd6+ Nxd6 36. Rxd6 Bb5+ 37. Ke1 g4 38. Kd2 Re8 39. Bg7 h5 40. Rf6 d4 41. Rd6 Kf5 42. Bxd4 Re2+ 43. Kc3 g3 44. Rf6+ Kg5 45. fxg3 fxg3 46. Rf8 Rxg2 47. Rg8+ Kf4 48. Rf8+ Kg4 49. Be5 h4 50. Kd4 h3 51. Rf4+ Kg5 52. Rf3 h2 0-1

[Event "Turkish Youth Championships 2023"]
[Site "Samsun"]
[Date "2023.05.20"]
[Round "2.12"]
[White "Dogan, Umut Anil"]
[Black "Yilmaz, Atakan"]
[Result "1-0"]
[ECO "D02"]
[WhiteElo "1857"]
[BlackElo "1446"]
[Annotator "NA RC COMBH"]
[PlyCount "95"]
[EventDate "2023.05.19"]
[EventType "swiss"]
[EventCountry "TUR"]
[SourceTitle "playchess.com"]
[Source "ChessBase"]
[SourceQuality "1"]
[TimeControl "5400+30"]

1. d4 Nf6 2. Bf4 e6 3. e3 d5 4. Nf3 Bd6 5. Nbd2 O-O 6. Bd3 c5 7. dxc5 Bxf4 8. exf4 Qc7 9. g3 Qxc5 10. O-O b6 11. Nb3 Qc7 12. Nbd4 Ba6 13. Rc1 h6 14. Qe2 Bxd3 15. cxd3 Qd7 16. b3 Na6 17. Ne5 Qe7 18. f5 exf5 19. Nxf5 Qe6 20. Nd4 Qe7 21. f4 Nd7 22. Nf5 Qf6 23. Nxd7 Qxf5 24. Nxf8 Rxf8 25. d4 Nb8 26. Qe5 Qd7 27. Rfe1 Nc6 28. Qe3 Nd8 29. Qe7 Qf5 30. Qe5 Qd7 31. f5 f6 32. Qf4 Nf7 33. Rc7 Qb5 34. h4 Qa5 35. Re2 Qa6 36. Qf3 Qb5 37. Ree7 a5 38. a4 Qb4 39. Qxd5 Qd2 40. Rc8 Qd1+ 41. Kh2 Qh5 42. Rxf8+ Kxf8 43. Re3 g5 44. Qf3 g4 45. Qf4 Ng5 46. Qd6+ Kg7 47. Re7+ Nf7 48. Qe6 1-0

[Event "Turkish Youth Championships 2023"]
[Site "Samsun"]
[Date "2023.05.20"]
[Round "2.12"]
[White "Tiryaki, Ozan"]
[Black "Engin, Onur Cinar"]
[Result "0-1"]
[WhiteElo "1419"]
[BlackElo "1922"]
[Annotator "TA"]
[PlyCount "88"]
[EventDate "2023.05.19"]
[EventType "swiss"]
[EventCountry "TUR"]
[TimeControl "5400+30"]

1. e4 c6 2. d4 d5 3. Nc3 dxe4 4. Nxe4 Nf6 5. Nxf6+ exf6 6. c3 Bd6 7. Bd3 Na6 {[%emt 0:00:30] B15: Caro-Kann: 3 Nc3: 3...g6 and 3...dxe4 4 Nxe4 Nf6 5 Nxf6+ exf6.} 8. Ne2 {[%emt 0:00:30] 8.Ne2 is better than 8.Qc2.} Nc7 9. Bf4 Bg4 {[%emt 0:01:30] The position is equal.} 10. f3 {[%emt 0:01:00] [#]} Bh5 $146 ({Predecessor:} 10... Be6 11. Qd2 O-O 12. Bxd6 Qxd6 13. Qf4 Qd7 14. O-O Nd5 15. Qd2 a5 16. Rfe1 Rfd8 {0-1 Savitskiy,S (2437)-Eljanov,P (2671) Titled Tuesday intern op 15th June blitz 2021 (10)}) 11. O-O O-O 12. Qb3 Bg6 13. Bxg6 hxg6 14. Bg3 (14. Qxb7 $2 {too greedy.} Bxf4 15. Nxf4 Qd6 16. Nxg6 fxg6 17. Qb3+ Nd5 $19) 14... Re8 15. Rfe1 b6 16. Bf2 f5 17. c4 Qf6 18. Nc3 (18. Rad1 {simplifies} Rad8 19. Nc3 Rxe1+ 20. Rxe1 Qg5 21. g3) 18... Qg5 (18... Ne6 {simplifies} 19. Rad1 Nf4 20. Qc2 g5) 19. c5 bxc5 20. dxc5 Be5 21. Qb7 $2 (21. Qa4 $15 Qf6 22. f4 Bxc3 23. bxc3) 21... Qf6 22. f4 Bxf4 {[%emt 0:01:30] [#] Threatens to win with ...Reb8.} ({Not} 22... Bxc3 23. bxc3 Nb5 24. Rad1 $17) 23. Rxe8+ Rxe8 24. Qxa7 Rd8 {[%emt 0:12:27] Black is more active.} 25. Qa4 Be5 26. Rd1 {[%emt 0:00:44] Repels Rd2} Rxd1+ (26... Ra8 $17 27. Qc2 Ne6) 27. Qxd1 $15 g5 28. Qd2 g4 29. g3 (29. a4 $1 $11 {deserves consideration.}) 29... Ne6 $17 {[%emt 0:01:23] Black continues to play with concentration.} 30. Kg2 (30. a4 $17 {might work better.}) 30... f4 $19 31. Ne4 $2 (31. gxf4 Nxf4+ 32. Kf1) 31... Qf5 32. Nd6 (32. Qd3) 32... Qh5 {[%emt 0:01:16] [#] ( -> ...Qh3+)} 33. gxf4 Bxf4 (33... Qh3+ $142 34. Kg1 Bxf4 35. Bg3 Bxd2 36. Nf5 Bb4 37. Kf2 Bxc5+ 38. Ke1 Qg2 39. a3 Qc2 40. h3 Qxf5 41. b4 Qe4+ 42. Kf1 Qf3+ 43. Ke1 Nd4 44. Kd2 Qe2+ 45. Kc3 Qc2#) 34. Qd3 {[%emt 0:01:00] Black is clearly winning.} Qxh2+ 35. Kf1 g3 36. Qf3 gxf2 37. Qxf2 Qxf2+ 38. Kxf2 Bxd6 39. cxd6 {[%emt 0:00:00][%mdl 4096] Endgame KN-K3P} Kf8 40. a4 Ke8 41. b4 Kd7 42. a5 Kxd6 43. a6 Kc7 44. a7 Kb7 {[%emt 0:00:00] Weighted Error Value: White=0.55/Black=0.40} 0-1

[Event "Turkish Youth Championships 2023"]
[Site "Samsun"]
[Date "2023.05.20"]
[Round "2.13"]
[White "Saka, Omer"]
[Black "Duygulu, Ugur"]
[Result "1-0"]
[WhiteElo "1843"]
[BlackElo "1161"]
[Annotator "COMBH"]
[PlyCount "111"]
[EventDate "2023.05.19"]
[EventType "swiss"]
[EventCountry "TUR"]
[TimeControl "5400+30"]
[BlackClock "0:02:02"]

1. d4 d5 2. c4 e6 3. Nf3 Nf6 4. g3 Be7 5. Bg2 O-O 6. O-O b6 7. cxd5 exd5 8. Nc3 Bb7 9. Bf4 Nbd7 10. Ne5 Re8 11. Qb3 c6 12. e4 Nxe5 13. dxe5 Nxe4 14. Nxe4 dxe4 15. Bxe4 Bc5 16. Qf3 Qd7 17. g4 Qe6 18. Rfd1 Rad8 19. Rxd8 Rxd8 20. Rd1 Rxd1+ 21. Qxd1 Qxa2 22. Qc2 g6 23. Qd2 Qe6 24. h3 Be7 25. Bg3 Qc8 26. Qe2 Ba6 27. Qf3 Bb5 28. h4 Qe6 29. h5 Bg5 30. Qd1 Qc4 31. Bg2 Qe2 32. Qd7 gxh5 33. gxh5 Qxh5 34. Qe8+ Kg7 35. e6 Qd1+ 36. Kh2 Qh5+ 37. Kg1 Qd1+ 38. Kh2 Qh5+ 39. Bh3 Bf1 40. Be5+ Bf6 41. Bxf6+ Kxf6 42. Qxf7+ Qxf7 43. exf7 Kxf7 44. Bxf1 Kf6 45. Bd3 h6 46. Be4 c5 47. Bd3 h5 48. Kg3 Kg5 49. f4+ Kf6 50. Kh4 a5 51. b3 Ke6 52. Kg5 h4 53. f5+ Kf7 54. Bc4+ Ke7 55. f6+ Kf8 56. Kxh4 1-0

[Event "Turkish Youth Championships 2023"]
[Site "Samsun"]
[Date "2023.05.20"]
[Round "2.13"]
[White "Topaloglu, Mehmet Utkan"]
[Black "Aydogdu, Cagatay"]
[Result "0-1"]
[ECO "B27"]
[WhiteElo "1511"]
[BlackElo "1856"]
[Annotator "NA RC COMBH"]
[PlyCount "128"]
[EventDate "2023.05.19"]
[EventType "swiss"]
[EventCountry "TUR"]
[SourceTitle "playchess.com"]
[Source "ChessBase"]
[SourceQuality "1"]
[TimeControl "5400+30"]

1. e4 g6 2. d4 Bg7 3. Nf3 c6 4. c4 d5 5. cxd5 cxd5 6. e5 Bg4 7. Bb5+ Nc6 8. Nbd2 e6 9. Bxc6+ bxc6 10. O-O Ne7 11. h3 Bxf3 12. Nxf3 h6 13. Qa4 O-O 14. g4 Qb6 15. Bd2 Rab8 16. a3 Qb3 17. Qxb3 Rxb3 18. Bc3 Rc8 19. Nd2 Rb7 20. b4 g5 21. f4 Ng6 22. f5 Nf4 23. Rxf4 gxf4 24. f6 Bf8 25. Nb3 Rb6 26. Kg2 Ra6 27. Na5 Rxa5 28. bxa5 Rb8 29. Ra2 Rb3 30. Bd2 f3+ 31. Kf2 c5 32. Be3 c4 33. Kxf3 Bxa3 34. Ke2 Bb4 35. h4 a6 36. Ra1 Rb2+ 37. Kf3 Bc3 38. Rg1 Bxa5 39. g5 c3 40. gxh6+ Kh8 41. h7 c2 42. Rg8+ Kxh7 43. Rc8 Bb6 44. Kg4 Bxd4 45. Bxd4 Rb4 46. Rxc2 Rxd4+ 47. Kg3 Re4 48. Rc7 Rxe5 49. Rxf7+ Kg6 50. Ra7 Kxf6 51. Rxa6 Kf5 52. Ra8 Re3+ 53. Kg2 Kg4 54. Rh8 Re5 55. Rh6 d4 56. Kf2 d3 57. Rg6+ Kxh4 58. Rg8 Re2+ 59. Kf3 e5 60. Rd8 e4+ 61. Kf4 Kh3 62. Rh8+ Kg2 63. Rg8+ Kf1 64. Rh8 Ke1 0-1

[Event "Turkish Youth Championships 2023"]
[Site "Samsun"]
[Date "2023.05.20"]
[Round "2.14"]
[White "Kalyoncu, Beren"]
[Black "Dogan, Umut Anil"]
[Result "0-1"]
[WhiteElo "1385"]
[BlackElo "1857"]
[Annotator "COMBH"]
[PlyCount "64"]
[EventDate "2023.05.19"]
[EventType "swiss"]
[EventCountry "TUR"]
[TimeControl "5400+30"]
[WhiteClock "0:00:02"]

1. Nf3 c5 2. g3 Nc6 3. Bg2 g6 4. c4 Bg7 5. Nc3 d6 6. O-O e6 7. e3 Nge7 8. Re1 O-O 9. d3 b6 10. Qd2 Bb7 11. d4 cxd4 12. Nxd4 Qd7 13. Ndb5 Rfd8 14. Rd1 Na5 15. Bxb7 Nxb7 16. e4 Nc6 17. b3 a6 18. Na3 Nc5 19. Bb2 Nb4 20. Qe2 Qb7 21. Rd2 Rd7 22. Rad1 Rad8 23. Qe3 Nc6 24. Nc2 b5 25. cxb5 axb5 26. Nd4 Nxd4 27. Rxd4 b4 28. Ne2 Bxd4 29. Qxd4 e5 30. Qe3 Qxe4 31. Qd2 Ne6 32. Rc1 Rc7 0-1

[Event "Turkish Youth Championships 2023"]
[Site "Samsun"]
[Date "2023.05.20"]
[Round "2.15"]
[White "Aydogdu, Cagatay"]
[Black "Bozdemir, Demir Can"]
[Result "1-0"]
[WhiteElo "1856"]
[BlackElo "1283"]
[Annotator "COMBH"]
[PlyCount "89"]
[EventDate "2023.05.19"]
[EventType "swiss"]
[EventCountry "TUR"]
[TimeControl "5400+30"]
[BlackClock "0:01:46"]

1. e4 c5 2. Nf3 e6 3. c4 Nc6 4. Nc3 a6 5. d4 cxd4 6. Nxd4 Qc7 7. Be3 Nf6 8. f3 Be7 9. Qd2 O-O 10. Be2 Ne5 11. Rc1 d6 12. O-O b6 13. Rfd1 Bb7 14. Na4 Ned7 15. b4 Qd8 16. a3 Rc8 17. Bf1 d5 18. exd5 exd5 19. Nf5 Re8 20. Qf2 g6 21. Nxe7+ Qxe7 22. Re1 Qd6 23. Nxb6 Nxb6 24. c5 Qe6 25. Bd4 Qc6 26. cxb6 Qxc1 27. Rxc1 Rxc1 28. Be3 Rc3 29. Bd2 Rc2 30. Qd4 Re6 31. g3 Nd7 32. f4 Nxb6 33. f5 gxf5 34. Bc3 f6 35. Bd3 Rc1+ 36. Kf2 Rc6 37. Bd2 Rh1 38. Bxf5 Rxh2+ 39. Kg1 Rxd2 40. Qxd2 Rc7 41. Qf4 Rc6 42. Qg4+ Kh8 43. Be6 Rc1+ 44. Kf2 Rc2+ 45. Ke1 1-0

[Event "Turkish Youth Championships 2023"]
[Site "Samsun"]
[Date "2023.05.20"]
[Round "2.16"]
[White "Ermis, Baris"]
[Black "Hasirci, Ozgur Deniz"]
[Result "0-1"]
[WhiteElo "1304"]
[BlackElo "1763"]
[Annotator "COMBH"]
[PlyCount "112"]
[EventDate "2023.05.19"]
[EventType "swiss"]
[EventCountry "TUR"]
[TimeControl "5400+30"]
[WhiteClock "0:06:12"]

1. e4 c5 2. Nf3 d6 3. d4 cxd4 4. Nxd4 Nf6 5. Nc3 a6 6. Bd3 e5 7. Nb3 Be6 8. O-O Nbd7 9. h3 Be7 10. Qe2 Rc8 11. f4 exf4 12. Bxf4 Ne5 13. Rad1 Nc4 14. Rb1 Qb6+ 15. Kh1 Ne5 16. Be3 Qc7 17. Nd4 O-O 18. Nf5 Bd8 19. Bg5 Ne8 20. Qh5 f6 21. Be3 g6 22. Nh6+ Kg7 23. Qd1 Qd7 24. Re1 Ba5 25. b4 Bxb4 26. Rxb4 Rxc3 27. Qd2 Ra3 28. Nf5+ gxf5 29. exf5 Bd5 30. Bh6+ Kf7 31. Bxf8 Kxf8 32. Qh6+ Qg7 33. Qd2 b5 34. Be4 Bxe4 35. Rexe4 Rxa2 36. Rxe5 fxe5 37. Rg4 Qf7 38. Qh6+ Ke7 39. Qh4+ Kd7 40. Qf2 Kc6 41. Rg3 Nf6 42. Rc3+ Kb7 43. Qd2 Ne4 44. Qe3 Nxc3 45. Qxc3 Qxf5 46. Kh2 Rxc2 47. Qa3 Qf4+ 48. Kh1 Rc1+ 49. Qxc1 Qxc1+ 50. Kh2 b4 51. g4 Qf4+ 52. Kg2 e4 53. Kg1 e3 54. Kh1 e2 55. Kg2 e1=Q 56. h4 Qfg3# 0-1

[Event "Turkish Youth Championships 2023"]
[Site "Samsun"]
[Date "2023.05.20"]
[Round "2.17"]
[White "Ozgun, Yigit Deniz"]
[Black "Demirkan, Mustafa"]
[Result "1-0"]
[WhiteElo "1747"]
[BlackElo "1207"]
[Annotator "COMBH"]
[PlyCount "83"]
[EventDate "2023.05.19"]
[EventType "swiss"]
[EventCountry "TUR"]
[TimeControl "5400+30"]
[BlackClock "1:04:00"]

1. Nf3 d5 2. b3 Nc6 3. Bb2 Nf6 4. e3 Bf5 5. Be2 e6 6. O-O Bd6 7. d4 Nb8 8. c4 b6 9. Nc3 Be7 10. Nh4 Bg6 11. Nxg6 hxg6 12. Bf3 c6 13. e4 dxe4 14. Nxe4 Nxe4 15. Bxe4 Rh4 16. Qf3 Qd6 17. g3 Rh5 18. Rad1 f5 19. Bc2 Nd7 20. Bc1 Qc7 21. Rfe1 Kf7 22. Qe2 Nf8 23. d5 cxd5 24. cxd5 Re8 25. dxe6+ Kg8 26. Bf4 Qb7 27. Qb5 Qc8 28. Bd3 Bc5 29. Bc4 Kh8 30. e7 Rxe7 31. Rxe7 Bxe7 32. Qd5 Nh7 33. Qf7 Qf8 34. Qxg6 Nf6 35. Be5 Rh6 36. Qxf5 Rh5 37. Qf4 Qc8 38. Bxf6 Bxf6 39. Re1 Qf5 40. Re8+ Kh7 41. Qxf5+ Rxf5 42. Bd3 1-0

[Event "Turkish Youth Championships 2023"]
[Site "Samsun"]
[Date "2023.05.20"]
[Round "2.18"]
[White "Apaydin, Mehmet Kagan"]
[Black "Coskun, Emre"]
[Result "0-1"]
[WhiteElo "1314"]
[BlackElo "1750"]
[Annotator "COMBH"]
[PlyCount "78"]
[EventDate "2023.05.19"]
[EventType "swiss"]
[EventCountry "TUR"]
[TimeControl "5400+30"]

1. d4 Nf6 2. Nf3 d5 3. g3 c5 4. Bg2 Nc6 5. O-O Bf5 6. c4 e6 7. Nc3 Be7 8. cxd5 exd5 9. Bg5 O-O 10. dxc5 d4 11. Nb5 Bxc5 12. Qc1 Qb6 13. Qf4 Bg6 14. Na3 Qxb2 15. Nc4 Qxe2 16. Nfe5 Nh5 17. Qf3 Qxf3 18. Bxf3 f6 19. Nxg6 hxg6 20. Bd2 f5 21. Rab1 Nf6 22. Rxb7 Ne4 23. Bf4 Rfe8 24. Rc1 Rac8 25. Nd2 Nc3 26. Nb1 Na5 27. Nxc3 Nxb7 28. Na4 Nd6 29. Rxc5 Ne4 30. Bxe4 fxe4 31. Kf1 g5 32. Bxg5 Rxc5 33. Nxc5 Re5 34. Nxe4 Rxe4 35. f3 Re5 36. Bc1 d3 37. Bb2 Re2 38. Bd4 Rxa2 39. h4 a5 0-1